 Dungeon Crawl Stone Soup version 0.24-a0-493-g7e4ddcd485 (webtiles) character file.

Game seed: 4545350029441262037

103 KristoblXynda the Slasher (level 4, 0/36 HPs)
             Began as a Draconian Skald on July 12, 2019.
             Slain by an orc wizard
             ... wielding a +0 dagger
              (3 damage)
             ... on level 3 of the Dungeon.
             The game lasted 00:03:30 (2306 turns).

KristoblXynda the Slasher (Draconian Skald)         Turns: 2306, Time: 00:03:31

Health: 0/36       AC:  5    Str: 14    XL:     4   Next: 51%
Magic:  6/7        EV: 18    Int: 13    God:
Gold:   51         SH:  0    Dex: 16    Spells: 4/7 levels left

rFire    . . .     SeeInvis .   a - +0 falchion
rCold    . . .     Gourm    .   (no shield)
rNeg     . . .     Faith    .   (armour unavailable)
rPois    .         Spirit   .   (helmet restricted)
rElec    .         Reflect  .   f - scarf {repulsion}
rCorr    .         Harm     .   (no gloves)
MR       .....                  (no boots)
Stlth    ++........             (no amulet)
HPRegen  0.12/turn              (no ring)
MPRegen  0.10/turn              (no ring)

@: confused, agile, repel missiles
A: unfitting armour, cold-blooded, AC +5
a: no special abilities


You were on level 3 of the Dungeon.
You were not hungry.

You visited 1 branch of the dungeon, and saw 3 of its levels.

You collected 51 gold pieces.

Inventory:

Hand Weapons
 a - a +0 falchion (weapon)
Armour
 f - a scarf of repulsion (worn)
Jewellery
 i - an uncursed ring of resist corrosion {unknown}
Wands
 j - a wand of digging (4)
Scrolls
 b - a scroll of remove curse {unknown}
 d - a scroll of fear {unknown}
 e - a scroll of amnesia {unknown}
 h - 2 scrolls of enchant weapon {unknown}
Potions
 l - a potion of curing {unknown}
Comestibles
 c - 5 rations


   Skills:
 - Level 2.1 Fighting
 * Level 3.7 Long Blades
 + Level 2.8 Dodging
 - Level 2.0 Spellcasting
 + Level 3.3 Charms


You had 4 spell levels left.
You knew the following spells:

 Your Spells              Type           Power        Failure   Level  Hunger
a - Infusion              Chrm           ##..         6%          1    ##.....
b - Shroud of Golubria    Chrm/Tloc      #.....       19%         2    ###....

Your spell library contained the following spells:

 Spells                   Type           Power        Failure   Level  Hunger
 Song of Slaying          Chrm           ##......     10%         2    ###....
 Regeneration             Chrm/Necr      #.........   36%         3    ####...
 Spectral Weapon          Hex/Chrm       #.......     36%         3    ####...


Dungeon Overview and Level Annotations

Branches:
Dungeon (3/15)

Altars:


Innate Abilities, Weirdness & Mutations

Your plain brown scales are hard. (AC +5)
You cannot fit into any form of body armour.
You are cold-blooded and may be slowed by cold attacks.


Message History

You cannot move. (Use ctrl+direction or * direction to attack without moving.)
You cannot move. (Use ctrl+direction or * direction to attack without moving.)
You cannot move. (Use ctrl+direction or * direction to attack without moving.)
You cannot move. (Use ctrl+direction or * direction to attack without moving.)
You feel less wooden.
Your scarf of repulsion unmelds from your body.
You are surrounded by a repulsion field.
You hear some strange, mumbled words.
Something tries to affect you, but you resist.
Something hits you.
* * * LOW HITPOINT WARNING * * *
You barely miss something.
You hear some strange, mumbled words.
A puff of flame appears from out of thin air!
The puff of flame hits you.
* * * LOW HITPOINT WARNING * * *
It was a potion of agility.
You feel agile all of a sudden. Something hits you.
You die...

###...## ....
#...... ..[..
#.#...#####......
#.
#.<..รท).......
#. #..#####......
#. #..# ..... #.
#..# ##.#
..####.##..# #
....>..@{h.#
.......###)#
..###.. #)# #..
#.# #.. #....#
... .$$.o....
##.. #...#.####
#.. .###..# ..
..#


You could see a jackal.

Vanquished Creatures
  2 adders (D:2)
  2 oozes (D:2)
  A worm (D:2)
  2 dart slugs
  2 leopard geckos
  4 orcs (D:3)
  3 giant cockroaches
  6 goblins
  7 hobgoblins
  6 jackals
  A quokka (D:2)
  6 bats
  A frilled lizard (D:3)
  5 kobolds
  17 rats
65 creatures vanquished.

Notes
Turn   | Place    | Note
-------+----------+-------------------------------------------
     0 | D:1      | KristoblXynda the Draconian Skald began the quest for the
                  | Orb.
     0 | D:1      | Reached XP level 1. HP: 17/17 MP: 3/3
   174 | D:1      | Reached XP level 2. HP: 18/24 MP: 0/5
   818 | D:1      | Reached XP level 3. HP: 21/29 MP: 6/6
  1298 | D:2      | Learned a level 2 spell: Shroud of Golubria
  1578 | D:2      | Reached XP level 4. HP: 25/36 MP: 7/7
  2306 | D:3      | Slain by an orc wizard

Levels and vault maps discovered:
D:1:      erik_arrival_orb_chamber, layout_rooms
D:2:      layout_rooms, first_ration
D:3:      layout_loops_ring, uniq_terence, uniq_jessica

Skill      XL: |  1  2  3 |
---------------+----------+-----
Charms         | 3 |  3.3
Long Blades    | 3 |  3.7
Fighting       | |  2.1
Dodging        | |  2.8
Spellcasting   | |  2.0

Action                   |  1- 3 |  4- 6 || total
-------------------------+-------+-------++-------
Melee: Falchion          |   147 |    72 ||   219
       Tailslap          |    13 |     9 ||    22
 Cast: Infusion          |     3 |     2 ||     5
       Shroud of Golubri |       |     2 ||     2
  Use: Potion            |       |     2 ||     2
  Eat: Chunk             |     2 |     3 ||     5
Armor: Skin              |    70 |    54 ||   124
Dodge: Dodged            |   115 |    56 ||   171
       Rpst.: Falchion   |    35 |    25 ||    60

Table legend:
 A = Non-vault XP
 B = Vault XP
 C = Vault XP percentage of total XP
 D = Non-vault monster count
 E = Vault monster count
 F = Vault count percentage of total count
                 A         B        C        D         E       F
            +---------+---------+-------+---------+---------+-------
      Total |     136 |      12 |   8.1 |      53 |      12 |  18.5
            +---------+---------+-------+---------+---------+-------
        D:1 |      39 |      12 |  23.5 |      23 |      12 |  34.3
        D:2 |      66 |       0 |   0.0 |      17 |       0 |   0.0
        D:3 |      31 |       0 |   0.0 |      13 |       0 |   0.0
            +---------+---------+-------+---------+---------+-------
